 Dungeon Crawl Stone Soup version 0.24-a0-317-g5cb8de4 (webtiles) character file.

Game seed: 14497780408745753775

61 MisterFreud the Ruffian (level 3, -11/36 HPs)
             Began as a Troll Monk on May 16, 2019.
             Mangled by an orc warrior
             ... wielding a +0 mace
              (13 damage)
             ... on level 2 of the Dungeon.
             The game lasted 00:01:33 (966 turns).

MisterFreud the Ruffian (Troll Monk)                 Turns: 966, Time: 00:01:33

Health: -11/36     AC:  6    Str: 20    XL:     3   Next: 83%
Magic:  2/2        EV: 10    Int:  6    God:
Gold:   67         SH:  0    Dex: 12    Spells: 2/2 levels left

rFire    . . .     SeeInvis .     - Unarmed
rCold    . . .     Gourm    +   (no shield)
rNeg     . . .     Faith    .   a - +0 robe
rPois    .         Spirit   .   (helmet restricted)
rElec    .         Reflect  .   (no cloak)
rCorr    .         Harm     .   (gloves unavailable)
MR       .....                  (boots unavailable)
Stlth    ++........             (no amulet)
HPRegen  0.52/turn              (no ring)
MPRegen  0.08/turn              (no ring)

@: no status effects
A: large, unfitting armour, claws 3, fast metabolism 3, gourmand, regeneration
1, shaggy fur 1, tough skin 3
a: no special abilities


You were on level 2 of the Dungeon.
You were very full.

You visited 1 branch of the dungeon, and saw 2 of its levels.

You collected 67 gold pieces.

Inventory:

Missiles
 c - 71 stones (quivered)
Armour
 a - a +0 robe (worn)
Scrolls
 d - 2 scrolls of teleportation
 e - a scroll of identify
 h - a scroll of magic mapping {unknown}
 k - a scroll of enchant weapon
Potions
 f - 3 potions of resistance
 g - a potion of flight
 i - a potion of haste {unknown}
 j - a potion of ambrosia {unknown}
Comestibles
 b - 2 rations


   Skills:
 - Level 2.4 Fighting
 - Level 2.4 Dodging
 - Level 1.0 Stealth
 + Level 4.8 Unarmed Combat


You had 2 spell levels left.
You didn't know any spells.
Your spell library was empty.

Dungeon Overview and Level Annotations

Branches:
Dungeon (2/15)

Altars:


Innate Abilities, Weirdness & Mutations

You are too large for most types of armour.
You have claws for hands.
Your metabolism is lightning-fast.
You like to eat raw meat.
Your natural rate of healing is unusually fast.
You are covered in fur. (AC +1)
You have extremely tough skin. (AC +3)


Message History

You kill the leopard gecko!
You claw the ball python!
You kill the ball python!
The frilled lizard hisses.
You scratch the adder.
The adder is moderately wounded.
The adder bites you.
The orc warrior hits you with a +0 mace!
The adder barely misses you.
You scratch the adder.
The adder is moderately wounded.
The adder barely misses you.
The orc warrior hits you with a +0 mace!
* * * LOW HITPOINT WARNING * * *
You claw the adder!
You kill the adder!
You claw the goblin!
You kill the goblin!
The orc warrior hits you with a +0 mace!
You die...

..) #.#.. .#l.? ..#.#
# .....#...# .#
##.#.#.#.##..
......#...
##.##.#†#.#
.........l.# #
#.###.##.#)# ##.
###.###.##.#@##..
##.............o....#
...#.#..<...........#
# .. ...###.#########
# #.##.###.# #
#........#
#######.#####
...†....# ######..#


You could see an orc warrior and a frilled lizard.

Vanquished Creatures
  An adder (D:2)
  An ooze (D:2)
  A dart slug (D:2)
  2 leopard geckos
  A giant cockroach (D:1)
  3 goblins
  5 hobgoblins (D:1)
  3 jackals (D:2)
  3 kobolds
  2 quokkas (D:2)
  A ball python (D:2)
  7 bats
  4 frilled lizards
  9 rats
43 creatures vanquished.

Notes
Turn   | Place    | Note
-------+----------+-------------------------------------------
     0 | D:1      | MisterFreud the Troll Monk began the quest for the Orb.
     0 | D:1      | Reached XP level 1. HP: 22/22 MP: 0/0
   136 | D:1      | Reached XP level 2. HP: 29/29 MP: 1/1
   352 | D:1      | Reached skill level 4 in Unarmed Combat
   788 | D:2      | Reached XP level 3. HP: 35/36 MP: 2/2
   950 | D:2      | Noticed an orc warrior
   964 | D:2      | HP: 1/36 [orc warrior/+0 mace (16)]
   966 | D:2      | Mangled by an orc warrior

Levels and vault maps discovered:
D:1:      sevenhm_arrival_forest_fort_small_3, layout_basic, st_stairs_3
D:2:      layout_loops_corners, minmay_diced_spiral

Skill      XL: |  1  2 |
---------------+-------+-----
Unarmed Combat | 4 |  4.8
Fighting       | |  2.4
Dodging        | |  2.4
Stealth        | |  1.0

Action                   || total
-------------------------++-------
Melee: Unarmed           ||   108
       Punch             ||     2
  Use: Scroll            ||     5
 Stab: Sleeping          ||     2
  Eat: Chunk             ||    13
Armor: Robe              ||    43
Dodge: Dodged            ||    61

Table legend:
 A = Non-vault XP
 B = Vault XP
 C = Vault XP percentage of total XP
 D = Non-vault monster count
 E = Vault monster count
 F = Vault count percentage of total count
                 A         B        C        D         E       F
            +---------+---------+-------+---------+---------+-------
      Total |      67 |      21 |  23.9 |      37 |       6 |  14.0
            +---------+---------+-------+---------+---------+-------
        D:1 |      35 |       2 |   5.4 |      23 |       2 |   8.0
        D:2 |      32 |      19 |  37.3 |      14 |       4 |  22.2
            +---------+---------+-------+---------+---------+-------
